 Dungeon Crawl Stone Soup version 0.19.5 (webtiles) character file.

185 snowfan the Magician (level 5, -6/28 HPs)
             Began as a Deep Elf Wizard on May 15, 2017.
             Killed from afar by an orc wizard (9 damage)
             ... with a puff of flame
             ... on level 3 of the Dungeon.
             The game lasted 00:10:04 (3260 turns).

snowfan the Magician (Deep Elf Wizard)              Turns: 3260, Time: 00:10:06

Health: -6/28      AC:  2    Str:  4    XL:     5   Next: 37%
Magic:  4/24       EV: 13    Int: 24    God:
Gold:   134        SH:  0    Dex: 13    Spells: 5 memorised, 4 levels left

rFire  . . .     SeeInvis .     i - +2 dagger (holy)
rCold  . . .     Gourm    .     a - +0 robe
rNeg   . . .     Faith    .     (no shield)
rPois  .         Spirit   .     b - +0 hat
rElec  .         Reflect  .     (no cloak)
rCorr  .         Harm     .     (no gloves)
MR     .....                    (no boots)
Stlth  +.........               (no amulet)
                                (no ring)
                                g - ring of magical power

@: confused
A: no striking features
a: no special abilities


You were on level 3 of the Dungeon.
You were not hungry.

You visited 1 branch of the dungeon, and saw 3 of its levels.

You collected 134 gold pieces.

Inventory:

Hand Weapons
 i - a +2 dagger of holy wrath (weapon)
 v - a +0 blowgun
Missiles
 k - 46 stones (quivered)
 n - 21 sling bullets
 u - 4 poisoned needles
Armour
 a - a +0 robe (worn)
 b - a +0 hat (worn)
Jewellery
 g - a ring of magical power (left hand)
Wands
 w - a wand of flame (28/48)
Scrolls
 e - a scroll of magic mapping {unknown}
 f - a scroll of identify {unknown}
 h - 2 scrolls of amnesia {unknown}
 m - 2 scrolls of remove curse {unknown}
 o - a scroll of immolation {unknown}
 r - a scroll of teleportation {unknown}
Potions
 j - 3 potions of might {unknown}
 l - 2 potions of curing {unknown}
 p - a potion of lignification {unknown}
 q - a potion of agility {unknown}
 x - 2 potions of heal wounds {unknown}
Books
 c - a book of Minor Magic

   Spells                             Type                      Level
   a - Magic Dart                     Conjuration                  1
   b - Blink                          Translocation                2
   c - Call Imp                       Summoning                    2
   d - Repel Missiles                 Charms/Air                   2
   e - Slow                           Hexes                        2
   f - Conjure Flame                  Conjuration/Fire             3
   g - Mephitic Cloud                 Conjuration/Poison/Air       3
Comestibles
 d - 2 bread rations
 s - a meat ration


   Skills:
 - Level 2.4 Dodging
 - Level 2.4 Stealth
 + Level 5.8 Spellcasting
 * Level 4.9 Conjurations
   Level 1.1 Summonings
 - Level 1.1 Translocations


You had 4 spell levels left.
You knew the following spells:

 Your Spells              Type           Power        Failure   Level  Hunger
a - Magic Dart            Conj           ####         1%          1    None
b - Repel Missiles        Chrm/Air       #.....       14%         2    None
c - Mephitic Cloud        Conj/Pois/Air  ##......     14%         3    #......
d - Conjure Flame         Conj/Fire      ###.....     12%         3    #......
q - Blink                 Tloc           N/A          10%         2    None


Dungeon Overview and Level Annotations

Branches:
Dungeon (3/15)

Altars:
Gozag
Makhleb
Nemelex Xobeh
The Shining One


Message History

Deactivating autopickup; reactivate with Ctrl-A.
Throwing (i - inventory):
k - 47 stones (quivered)
Press: ? - help, Shift-Dir - straight line, f - orc
Aim: an orc, wielding a war axe
Okay, then.
Throwing (i - inventory):
k - 47 stones (quivered)
Press: ? - help, Shift-Dir - straight line, f - orc
Aim: an orc, wielding a club You throw a stone.
You are too confused!
You bump into the rock wall.
Something barely misses you. The orc hits you with a club.
You are engulfed in roaring flames.
Ouch! That really hurt!
* * * LOW HITPOINT WARNING * * *
The orc completely misses you.
You hear some strange, mumbled words.
A puff of flame appears from out of thin air!
The puff of flame hits you!
You die...

#.#.#.#.##............ .
.......#..##........ ..
..................## .#
.###.####....#.....# ..
. #.# #....#.....## #.
#.# #....#.......
.##.###.####....###..###
.....)o.................
.##.###@####............
#o# #..#####..... #.#
#..# .#.# #.# #... ...#
... ..... . .. ...
...... .. ... ...... ..
..... .#


You could see 2 orcs.

Vanquished Creatures
  An orc wizard (D:3)
  A worker ant (D:3)
  4 gnolls (D:2)
  4 adders
  4 worms
  A dart slug (D:1)
  3 leopard geckos
  An orc (D:3)
  8 bats
  6 goblins
  5 hobgoblins
  3 frilled lizards
  6 kobolds
  8 rats
55 creatures vanquished.

Notes
Turn   | Place    | Note
-------+----------+-------------------------------------------
     0 | D:1      | snowfan the Deep Elf Wizard began the quest for the Orb.
     0 | D:1      | Reached XP level 1. HP: 10/10 MP: 7/7
   168 | D:1      | Reached XP level 2. HP: 13/15 MP: 7/9
   980 | D:2      | Found a burning altar of Makhleb.
  1066 | D:2      | Reached XP level 3. HP: 19/19 MP: 4/11
  1462 | D:2      | Found an opulent altar of Gozag.
  1462 | D:2      | Found a sparkling altar of Nemelex Xobeh.
  1514 | D:2      | Reached skill level 5 in Spellcasting
  1534 | D:2      | Found a glowing golden altar of the Shining One.
  1789 | D:2      | Learned a level 3 spell: Conjure Flame
  1792 | D:2      | Learned a level 2 spell: Repel Missiles
  1796 | D:2      | Learned a level 3 spell: Mephitic Cloud
  1799 | D:2      | Learned a level 2 spell: Blink
  1982 | D:2      | Reached XP level 4. HP: 24/24 MP: 7/13
  2927 | D:3      | Reached XP level 5. HP: 28/28 MP: 15/15
  3260 | D:3      | Killed from afar by an orc wizard

Skill      XL: |  1  2  3  4 |
---------------+-------------+-----
Conjurations   | 2 3 4 |  4.9
Spellcasting   | 5 |  5.8
Dodging        | |  2.4
Stealth        | |  2.4
Summonings     | |  1.1
Translocations | |  1.1

Action                   |  1- 3 |  4- 6 || total
-------------------------+-------+-------++-------
Melee: Dagger            |     6 |       ||     6
Throw: Stone             |       |     1 ||     1
 Cast: Magic Dart        |    77 |    80 ||   157
       Conjure Flame     |       |     4 ||     4
       Mephitic Cloud    |       |     2 ||     2
  Eat: Chunk             |     2 |     5 ||     7
Armor: Robe              |    20 |     1 ||    21
Dodge: Dodged            |    78 |     4 ||    82
